 Dungeon Crawl Stone Soup version 0.31-a0-190-g4feb4907b2 (webtiles) character file.

Game seed: 5808896309927148243

51 qw the Shooter (level 3, 0/20 HPs)
             Began as a Deep Elf Hunter on June 23, 2023.
             Slain by Terence
             ... wielding a +0 mace
              (5 damage)
             ... on level 2 of the Dungeon.
             The game lasted 00:00:19 (1193 turns).

qw the Shooter (Deep Elf Hunter)                    Turns: 1193, Time: 00:00:19

Health: 0/20       AC:  5    Str: 10    XL:     3   Next: 58%
Magic:  5/5        EV: 11    Int: 13    God:
Gold:   21         SH:  0    Dex: 18    Spells: 2/2 levels left

rFire   . . .        Y - +1 shortbow
rCold   . . .        (shield currently unavailable)
rNeg    . . .        g - +0 ring mail
rPois   .            (no helmet)
rElec   .            (no cloak)
rCorr   .            (no gloves)
SInv    .            (no boots)
Will    .....        (no amulet)
Stlth   +            (no ring)
HPRegen 0.23/turn    (no ring)
MPRegen 0.09/turn

%: no passive effects
@: no status effects
A: no striking features
a: no special abilities


You were on level 2 of the Dungeon.
You visited 1 branch of the dungeon, and saw 2 of its levels.

You collected 21 gold pieces.


   Skills:
 - Level 1.5 Fighting
 + Level 7.1 Ranged Weapons
 - Level 2.4 Dodging
 - Level 1.2 Stealth


You had 2 spell levels left.
You didn't know any spells.
Your spell library was empty.

Inventory:

Hand Weapons
 Y - a +1 shortbow (weapon)
Armour
 g - a +0 ring mail (worn)
Scrolls
 a - 2 scrolls of identify
 b - a scroll of silence {unknown}
 c - 2 scrolls of blinking {unknown}
Potions
 d - a potion of brilliance {unknown}
 e - a potion of haste {unknown}
 f - a potion of resistance {unknown}
 h - a potion of ambrosia {unknown}
 j - a potion of enlightenment {unknown}

Dungeon Overview and Level Annotations

Branches:
Dungeon (2/15)

Altars:

Shops:
D:2 *

Annotations:
D:2 1 runed translucent door, Crazy Yiuf, Sigmund, Terence


Message History

Enter note:
Enter note:
Enter note:
Enter note:
Enter note: You see here a +0 hand axe.
Terence the Incautious comes into view.
He is wielding a +0 mace.
Found a stone staircase leading down.
Terence shouts!
You hear a shout!
Sigmund the Dreaded comes into view.
He is wielding a +0 scythe of holy wrath.
Enter note:
Enter note:
Enter note:
Enter note:
Enter note:
Enter note:
Enter note:
Enter note:
Enter note: You shoot an arrow.
The arrow barely misses Terence.
You shoot an arrow.
The arrow hits Terence but does no damage.
Terence hits you with a +0 mace.
You shoot an arrow.
The arrow hits Terence but does no damage.
Sigmund points at you and mumbles some strange words.
The puff of flame misses you.
You shoot an arrow.
The arrow hits Terence but does no damage.
Terence hits you with a +0 mace!
You shoot an arrow. The arrow completely misses Terence.
Terence shouts, "ATTACK!!!"
Terence hits you but does no damage.
Sigmund screams, "Only death can liberate you!"
Sigmund hits you from afar with a +0 scythe of holy wrath.
Terence barely misses you.
You shoot an arrow. The arrow barely misses Terence.
Sigmund casts a spell at you. You resist with some effort.
Terence hits you with a +0 mace.
You die...

## #. ..# ###. ###.#
#... ..#.# #.## # #
#.#.# #.# ##.#. #.#.#
######.# #..$..#.#.#
#....#.##
#....@.@#.######....#...
#.>...#@.)..........#.#.
#.... #.#.#####.....###.
#... ...#.# #.....'...
####..#...# #.....###.
##.#...# #.....##.. #
....# #.....##..
#.....####.#'####..
##.................


You could see Sigmund and Terence.

Vanquished Creatures
  Jessica (D:2)
  A dart slug (D:1)
  4 ball pythons
  3 endoplasms
  A goblin (D:1)
  A hobgoblin (D:1)
  4 jackals (D:1)
  2 kobolds (D:1)
  3 bats (D:1)
  A frilled lizard (D:1)
  A rat (D:2)
22 creatures vanquished.

Notes
Turn   | Place    | Note
-------+----------+-------------------------------------------
     0 | D:1      | qw the Deep Elf Hunter began the quest for the Orb.
     0 | D:1      | Reached XP level 1. HP: 12/12 MP: 3/3
     0 | D:1      | 0 ||| qw: Version: 0.3-a-9-g12657ce
     0 | D:1      | 0 ||| qw: Game counter: 4478
     0 | D:1      | 0 ||| qw: Always use a shield: true
     0 | D:1      | 0 ||| qw: God list: Okawaru
     0 | D:1      | 0 ||| qw: Allow faded altars: false
     0 | D:1      | 0 ||| qw: Do Orc after D:15 true
     0 | D:1      | 0 ||| qw: Do second Lair branch before Depths: true
     0 | D:1      | 0 ||| qw: Lair rune preference: random
     0 | D:1      | 0 ||| qw: Plans: Normal
     0 | D:1      | 0 ||| PLANNING D:1-11
   128 | D:1      | Reached XP level 2. HP: 16/16 MP: 4/4
   129 | D:1      | Reached skill level 6 in Ranged Weapons
   204 | D:1      | Found a faded altar of an unknown god.
   564 | D:1      | 564 ||| UPGRADING to +0 ring mail.
   574 | D:1      | 574 ||| DROPPING +0 leather armour.
   575 | D:1      | 575 ||| READING 2 scrolls labelled VUDOMPY EFEQ.
   576 | D:1      | 576 ||| READING scroll labelled SECHACK WOAPE.
   579 | D:1      | 579 ||| READING scroll labelled ANAGISO GAUW.
   580 | D:1      | 580 ||| DROPPING scroll of butterflies.
   831 | D:2      | Found Uxzagh's Assorted Antiques.
   840 | D:2      | 840 ||| SHOPLISTING dented ruby amulet (150 gold, have 21).
   840 | D:2      | 840 ||| SHOPLISTING fuming inky potion (27 gold, have 21).
   840 | D:2      | 840 ||| SHOPLISTING pair of embroidered boots (225 gold,
                  | have 21).
   840 | D:2      | 840 ||| SHOPLISTING scroll labelled AMUELI IPSA (30 gold,
                  | have 21).
   840 | D:2      | 840 ||| SHOPLISTING scroll labelled KOAS JOJEUNN (30 gold,
                  | have 21).
   840 | D:2      | 840 ||| SHOPLISTING tubular silver ring (150 gold, have
                  | 21).
   873 | D:2      | Noticed Jessica
   875 | D:2      | Killed Jessica
   876 | D:2      | Reached skill level 7 in Ranged Weapons
   876 | D:2      | Reached XP level 3. HP: 20/20 MP: 5/5
  1079 | D:2      | Found a runed translucent door.
  1080 | D:2      | Noticed Crazy Yiuf
  1187 | D:2      | Noticed Terence
  1187 | D:2      | Noticed Sigmund
  1192 | D:2      | HP: 5/20 [Sigmund/+0 scythe of holy wrath (5)]
  1193 | D:2      | Slain by Terence

Levels and vault maps discovered:
D:1:      dpeg_arrival_radiant, layout_rooms,
          hellmonk_ecumenical_altar_crossroads, minmay_misc_feat_iff,
          serial_park_tiny_2
D:2:      layout_basic, serial_shops, nicolae_lakefront_shop, uniq_terence,
          uniq_crazy_yiuf_cottage, uniq_jessica, uniq_sigmund

Skill      XL: |  1  2 |
---------------+-------+-----
Ranged Weapons | 7 |  7.1
Fighting       | |  1.5
Dodging        | |  2.4
Stealth        | |  1.2

Action                     || total
---------------------------++-------
   Fire: Shortbow          ||    53
    Use: Scroll            ||     3
 Armour: Leather armour    ||    10
         Ring mail         ||     2
  Dodge: Dodged            ||    21

Table legend:
 A = Non-vault XP
 B = Vault XP
 C = Vault XP percentage of total XP
 D = Non-vault monster count
 E = Vault monster count
 F = Vault count percentage of total count
                 A         B        C        D         E       F
            +---------+---------+-------+---------+---------+-------
      Total |      37 |      37 |  50.0 |      21 |       1 |   4.5
            +---------+---------+-------+---------+---------+-------
        D:1 |      31 |       0 |   0.0 |      17 |       0 |   0.0
        D:2 |       6 |      37 |  86.0 |       4 |       1 |  20.0
            +---------+---------+-------+---------+---------+-------
